 Dungeon Crawl Stone Soup version 0.28-a0-1616-g050a50673c (webtiles) character file.

Game seed: 7291782029432679147

197 porpoise the Insei (level 5, -1/41 HPs)
             Began as a Demonspawn Transmuter on Jan 23, 2022.
             Slain by an ice beast (10 damage)
             ... on level 3 of the Dungeon.
             The game lasted 00:14:49 (4263 turns).

porpoise the Insei (Demonspawn Transmuter)          Turns: 4263, Time: 00:14:50

Health: -1/41      AC:  2    Str: 13    XL:     5   Next: 46%
Magic:  8/8        EV: 12    Int: 14    God:
Gold:   78         SH:  0    Dex: 13    Spells: 6/8 levels left

rFire   . . .      SeeInvis .     - Unarmed
rCold   . . .      Faith    .   (no shield)
rNeg    . . .      Spirit   .   a - +0 robe
rPois   +          Reflect  .   (helmet restricted)
rElec   .          Harm     .   (no cloak)
rCorr   .          Rampage  .   (no gloves)
Will    .....                   (no boots)
Stlth   ++........              (no amulet)
HPRegen 0.13/turn               d - ring of poison resistance
MPRegen 0.22/turn               (no ring)

@: no status effects
A: horns 2, magic regeneration
a: no special abilities


You were on level 3 of the Dungeon.
You visited 1 branch of the dungeon, and saw 4 of its levels.

You collected 78 gold pieces.

Inventory:

Hand Weapons
 g - a +3 short sword
 w - a +2 short sword of speed
Missiles
 b - 7 poisoned darts (quivered)
 c - 136 stones
 n - 20 bolts
 r - 24 arrows
Armour
 a - a +0 robe (worn)
Jewellery
 d - a ring of poison resistance (left hand)
Scrolls
 e - a scroll of fog
 i - a scroll of enchant armour {unknown}
 j - a scroll of amnesia
 k - a scroll of magic mapping {unknown}
 o - a scroll of noise
Potions
 h - a potion of ambrosia
 l - a potion of brilliance
 m - a potion of curing


   Skills:
 * Level 3.4 Fighting
 - Level 1.7 Dodging
 + Level 2.1 Stealth
 * Level 4.1 Unarmed Combat
 - Level 2.0 Spellcasting
 - Level 1.7 Transmutations


You had 6 spell levels left.
You knew the following spells:

 Your Spells              Type           Power      Damage    Failure   Level
w - Wereblood             Tmut           6%         N/A       17%         2

Your spell library contained the following spells:

 Spells                   Type           Power      Damage    Failure   Level
 Beastly Appendage        Tmut           12%        N/A       12%         1
 Spider Form              Tmut/Pois      3%         N/A       45%         3
 Summon Guardian Golem    Hex/Summ       1%         N/A       56%         3
 Tukima's Dance           Hex            1%         N/A       56%         3
 Ice Form                 Ice/Tmut       3%         N/A       86%         4
 Passage of Golubria      Tloc           1%         N/A       93%         4
 Yara's Violent Unravell  Hex/Tmut       1%         3d3       99%         5
 Orb of Destruction       Conj           0%         9d5       100%        7
 Spellforged Servitor     Conj/Summ      0%         N/A       100%        7


Dungeon Overview and Level Annotations

Branches:
Dungeon (4/15)
 Temple: D:4-7

Altars:

Annotations:
D:4 Natasha


Innate Abilities, Weirdness & Mutations

You have a pair of horns on your head.
You regenerate magic rapidly.


Message History

Your demonic ancestry asserts itself...
The horns on your head grow some more.
You start resting.
You feel a little less mighty now.
You start resting.
HP restored.
Things that are here:
a +0 giant club; a +0 leather armour
There is a stone staircase leading down, spattered with blood here.
There is a stone staircase leading down, spattered with blood here.
Things that are here:
a +0 giant club; a +0 leather armour
There is a stone staircase leading down here.
You climb downwards.
Level annotation: Natasha The ice beast barely misses you. x2
There is a stone staircase leading up here.
The ice beast barely misses you.
You climb upwards.
There is a stone staircase leading down here.
It was a potion of heal wounds.
You feel much better. The ice beast hits you. The ice beast freezes you!
You hit the ice beast. Your headbutt misses the ice beast.
The ice beast is moderately wounded.
The ice beast barely misses you.
You hit the ice beast but do no damage.
The ice beast is moderately wounded.
You hit the ice beast.
The ice beast is moderately wounded.
The ice beast barely misses you.
You hit the ice beast.
The ice beast is moderately wounded.
The ice beast hits you. The ice beast freezes you!
* * * LOW HITPOINT WARNING * * *
You hit the ice beast.
The ice beast is heavily wounded.
The ice beast hits you.
* * * LOW HITPOINT WARNING * * *
The ice beast freezes you!
You die...

#........####[.#.####....<.....
#........# ##..............##.#
#........###..#..###.#.###..#..
###....###...##..# #...# #....#
#........#####.# #.### #....#
#...###### ##.###...###...##
#...# ###..##..#...)>..## #...#
#.......######..... #########
#Y@.##...#####..... #.....#
#...#........#....#
#.....###...####...........
#..........................
#......................#.##
##...####.....####....##.#
#...# #...#...##.#.###.##
#...####...###......###..#
#..........# ####.#.......


You could see an ice beast.

Vanquished Creatures
  An ogre (D:3)
  3 adders
  3 worms (D:2)
  A dart slug (D:1)
  An orc (D:3)
  2 bats (D:3)
  10 endoplasms
  5 giant cockroaches
  8 hobgoblins
  5 jackals
  5 quokkas
  6 ball pythons
  4 frilled lizards
  6 goblins
  6 kobolds
  8 rats
74 creatures vanquished.

Notes
Turn   | Place    | Note
-------+----------+-------------------------------------------
     0 | D:1      | porpoise the Demonspawn Transmuter began the quest for the
                  | Orb.
     0 | D:1      | Reached XP level 1. HP: 15/15 MP: 3/3
   350 | D:1      | Mutation became permanent: You have a pair of small horns
                  | on your head. [demonic ancestry]
   350 | D:1      | Gained mutation: You have a pair of horns on your head.
                  | [demonic ancestry]
   350 | D:1      | Reached XP level 2. HP: 21/21 MP: 1/5
   415 | D:1      | Reached skill level 3 in Unarmed Combat
   865 | D:1      | Found a faded altar of an unknown god.
  1114 | D:1      | Gained mutation: You regenerate magic rapidly. [demonic
                  | ancestry]
  1114 | D:1      | Reached XP level 3. HP: 27/27 MP: 3/6
  1155 | D:1      | Reached skill level 1 in Stealth
  2273 | D:2      | Reached XP level 4. HP: 25/34 MP: 7/7
  3434 | D:3      | Learned a level 2 spell: Wereblood
  3948 | D:4      | Noticed Natasha
  3949 | D:4      | Noticed an ogre
  3949 | D:4      | Noticed an ice beast
  3963 | D:3      | Killed an ogre
  3964 | D:3      | Reached skill level 4 in Unarmed Combat
  3964 | D:3      | Gained mutation: You have a pair of horns on your head.
                  | [demonic ancestry]
  3964 | D:3      | Reached XP level 5. HP: 5/41 MP: 8/8
  4263 | D:3      | Slain by an ice beast

Illustrated notes

Levels and vault maps discovered:
D:1:      amcnicky_arrival_wind_blow, layout_basic,
          shapermc_ecumenical_altar_hornbeckon
D:2:      layout_rooms, hangedman_decor_push
D:3:      layout_rooms
D:4:      layout_basic, uniq_natasha, uniq_menkaure, uniq_ijyb, uniq_pikel

Skill      XL: |  1  2  3  4 |
---------------+-------------+-----
Unarmed Combat | 3 4 |  4.1
Fighting       | 2 3 |  3.4
Stealth        | 1 2 |  2.1
Dodging        | |  1.7
Spellcasting   | |  2.0
Transmutations | |  1.7

Action                   |  1- 3 |  4- 6 || total
-------------------------+-------+-------++-------
Melee: Unarmed           |   132 |    84 ||   216
       Kick              |    26 |    15 ||    41
       Headbutt          |    20 |    12 ||    32
       Punch             |     2 |     1 ||     3
Throw: Dart              |    12 |       ||    12
       Stone             |     1 |       ||     1
 Cast: Beastly Appendage |    35 |    15 ||    50
  Use: Scroll            |       |     6 ||     6
       Potion            |       |     3 ||     3
 Stab: Sleeping          |     2 |     1 ||     3
       Distracted        |     1 |       ||     1
Armor: Robe              |    12 |     9 ||    21
Dodge: Dodged            |    59 |    43 ||   102

Table legend: (Time is in decaauts)
 A = Elapsed time spent in this place.
 B = Non-inter-level travel time spent in this place.
 C = Inter-level travel time spent in this place.
 D = Time resting spent in this place.
 E = Time spent auto-exploring this place.
 F = Levels seen in this place.
 G = Mean time per level.
                   A        B        C        D        E       F      G
               +--------+--------+--------+--------+--------+-----+--------+
         Total |   4264 |   4221 |     43 |   2199 |   1227 |   4 | 1066.0 |
       Dungeon |   4264 |   4221 |     43 |   2199 |   1227 |   4 | 1066.0 |
               +--------+--------+--------+--------+--------+-----+--------+

Top non-repeatable levels by time:
     D:3: 1591 daAuts
     D:2: 1387 daAuts
     D:1: 1232 daAuts
     D:4: 52 daAuts
